 Dungeon Crawl Stone Soup version 0.29-a0-838-g385bb11a5b (webtiles) character file.

Game seed: 10216586922461764703

2439 bande the Chopper (level 9, 0/55 HPs)
             Began as a Gargoyle Fighter on July 13, 2022.
             Was an Initiate of Okawaru.
             Slain by a gnoll sergeant
             ... wielding a +7 trident of protection
              (15 damage)
             ... on level 8 of the Dungeon.
             The game lasted 00:14:01 (8259 turns).

bande the Chopper (Gargoyle Fighter)                Turns: 8259, Time: 00:14:01

Health: 0/55       AC: 20    Str: 26    XL:     9   Next: 49%
Magic:  0/9        EV:  8    Int:  9    God:    Okawaru [......]
Gold:   361        SH:  6    Dex: 19    Spells: 7/8 levels left

rFire   . . .      SeeInvis .   a - +1 war axe (freeze)
rCold   . . .      Faith    .   c - +0 buckler
rNeg    + . .      Spirit   +   g - +0 chain mail
rPois   ∞          Reflect  .   o - +1 hat
rElec   +          Harm     .   v - +1 cloak
rCorr   .          Rampage  .   (no gloves)
Will    .....                   (no boots)
Stlth   ..........              z - amulet of guardian spirit
HPRegen 0.18/turn               k - +6 ring of strength
MPRegen 0.11/turn               e - +6 ring of dexterity

@: no status effects
A: sickness immunity, AC +6, negative energy resistance 1, electricity
resistance, torment resistance 1, petrification resistance
a: Renounce Religion


You were on level 8 of the Dungeon.
You worshipped Okawaru.
Okawaru was noncommittal.
You visited 2 branches of the dungeon, and saw 9 of its levels.

You collected 361 gold pieces.

Inventory:

Hand Weapons
 a - a +1 war axe of freezing (weapon)
 t - a +2 flail of holy wrath
 x - the +7 mace of Cuceat {elec, Drain rN++ Will- SInv}
   (You found it on level 5 of the Dungeon)

   It occasionally discharges a powerful burst of electricity upon striking a
   foe.
   rN:        It greatly protects you from negative energy.
   SInv:      It lets you see invisible.
   Drain:     It drains your maximum health when unequipped.
   Will:      It decreases your willpower.
Armour
 c - a +0 buckler (worn)
 g - a +0 chain mail (worn)
 o - a +1 hat (worn)
 v - a +1 cloak (worn)
 C - a +0 helmet
Jewellery
 d - a ring of magical power
 e - a +6 ring of dexterity (right hand)
 h - a +6 ring of strength
 k - a +6 ring of strength (left hand)
 y - a ring of wizardry
 z - an amulet of guardian spirit (around neck)
Wands
 p - a wand of paralysis (7)
 q - a wand of polymorph (5)
 s - a wand of flame (16)
 A - a wand of mindburst (2)
Scrolls
 f - a scroll of summoning
 i - 2 scrolls of blinking
 r - 5 scrolls of teleportation
 w - 2 scrolls of enchant weapon
 B - 3 scrolls of identify
Potions
 b - a potion of invisibility
 j - 2 potions of cancellation
 l - 4 potions of brilliance
 m - 3 potions of magic
 n - 2 potions of haste
 D - a potion of ambrosia {unknown}


   Skills:
 + Level 5.7 Fighting
 + Level 7.2 Axes
 + Level 6.4 Armour
 - Level 0.3 Stealth
 + Level 5.0 Shields
 * Level 3.6 Translocations
 * Level 1.3 Invocations
 * Level 3.9 Evocations


You had 7 spell levels left.
You knew the following spells:

 Your Spells              Type           Power      Damage    Failure   Level
a - Apportation           Tloc           12%        N/A       56%         1

Your spell library contained the following spells:

 Spells                   Type           Power      Damage    Failure   Level
 Necrotise                Necr           0%         1d4       96%         1
 Sandblast                Erth           0%         2d4       96%         1
 Shock                    Conj/Air       0%         1d3       96%         1
 Passwall                 Tmut/Erth      0%         N/A       99%         2
 Static Discharge         Conj/Air       0%         3-3/arc   99%         2
 Portal Projectile        Hex/Tloc       6%         N/A       99%         3
 Ignite Poison            Fire/Tmut/Pois 0%         N/A       100%        3
 Mephitic Cloud           Conj/Pois/Air  0%         N/A       100%        3
 Stone Arrow              Conj/Erth      0%         3d7       100%        3
 Swiftness                Air            0%         N/A       100%        3
 Airstrike                Air            0%         0-1+      100%        4
 Blade Hands              Tmut           0%         N/A       100%        5
 Fireball                 Conj/Fire      0%         3d3       100%        5
 Freezing Cloud           Conj/Ice/Air   0%         6-21      100%        5
 Iskenderun's Battlesphe  Conj           0%         2d6       100%        5
 Lightning Bolt           Conj/Air       0%         1d11      100%        5
 Conjure Ball Lightning   Conj/Air       0%         3x3d6     100%        6
 Orb of Destruction       Conj           0%         9d5       100%        7
 Maxwell's Capacitive Co  Air            0%         ∞         100%        8
 Summon Small Mammal      Summ           Unusable   N/A       N/A         1
 Tukima's Dance           Hex            Unusable   N/A       N/A         3

Dungeon Overview and Level Annotations

Branches:
Dungeon (8/15)             Temple (1/1) D:7
   Lair: D:8-11

Altars:
Kikubaaqudgha
Okawaru
Wu Jian
Yredelemnul
Zin


Innate Abilities, Weirdness & Mutations

You are immune to sickness and miasma.
Your stone body is resilient. (AC +6)
You are immune to poison.
You resist negative energy. (rN+)
You are resistant to electric shocks. (rElec)
You are resistant to unholy torment.
You are immune to petrification.


Message History

You barely miss the gnoll.
The gnoll is moderately wounded.
You slash the gnoll! You freeze the gnoll.
You hit the gnoll sergeant but do no damage.
The gnoll hits you with a +0 whip. The gnoll hits you but does no damage.
The gnoll sergeant hits you but does no damage.
The gnoll barely misses you. The gnoll hits you but does no damage.
You hear the brisk hiss of a distant avalanche of sand.
The gnoll hits you but does no damage.
The gnoll sergeant hits you with a +7 trident of protection!
The gnoll hits you with a +0 vorpal spear.
You block the gnoll's attack.
You hit the gnoll sergeant but do no damage.
The gnoll sergeant is moderately wounded.
You hit the gnoll but do no damage. You closely miss the gnoll.
You slash the gnoll! You freeze the gnoll.
You kill the gnoll!
Okawaru accepts your kill.
You slash the gnoll! You freeze the gnoll.
You kill the gnoll!
Okawaru accepts your kill. The gnoll barely misses you.
The gnoll sergeant barely misses you. The gnoll hits you but does no damage.
You hit the gnoll sergeant but do no damage.
The gnoll sergeant is moderately wounded.
You slash the gnoll! You freeze the gnoll.
You kill the gnoll!
Okawaru accepts your kill.
You hit the gnoll. You freeze the gnoll. You slash the gnoll!
You freeze the gnoll. You block the gnoll's attack.
The gnoll hits you but does no damage.
The gnoll sergeant hits you with a +7 trident of protection!
* * * LOW HITPOINT WARNING * * *
You closely miss the gnoll sergeant.
The gnoll sergeant is moderately wounded.
You barely miss the gnoll. You slash the gnoll! You freeze the gnoll.
You kill the gnoll!
Okawaru accepts your kill.
The gnoll sergeant hits you with a +7 trident of protection!!
You die...

##............
#............#
##...........#
#.....<......#
#...........#
#..........#
#....)gg.# ...
#....)@)# ....
. ###....##
#....
.!).##..##
.....
#....########
....
#####....##.##
##..
####.....###.#
###.......#
##.###.)# ###
##.#


You could see a gnoll sergeant and a gnoll.

Vanquished Creatures
  The ghost of lesbiats the Grasshopper, an amateur GnWr of Yredelemnul (D:2)
  The ghost of audacious124 the Conjurer, an amateur HuCj (D:3)
  A water moccasin (D:5)
  A sky beast (D:6)
  2 orc warriors
  An ogre (D:5)
  A centaur (D:8)
  A phantom (D:4)
  A kobold brigand (D:7)
  Blork the orc (D:6)
  2 bullfrogs (D:7)
  3 wights
  5 killer bees (D:7)
  A howler monkey (D:5)
  3 hounds
  A jelly (D:6)
  4 orc priests
  Jessica (D:2)
  Natasha (thrice) (D:2)
  An iguana (D:6)
  7 orc wizards
  9 gnolls
  12 adders
  2 white imps
  An ufetubus (D:6)
  2 worms (D:2)
  A dart slug (D:5)
  27 orcs
  8 endoplasms
  5 giant cockroaches
  7 hobgoblins
  10 jackals
  10 kobolds
  4 quokkas
  6 ball pythons
  5 bats
  3 frilled lizards
  6 goblins
  8 rats
168 creatures vanquished.

Vanquished Creatures (others)
  An orc wizard (D:8)
1 creature vanquished.

Grand Total: 169 creatures vanquished

Notes
Turn   | Place    | Note
-------+----------+-------------------------------------------
     0 | D:1      | bande the Gargoyle Fighter began the quest for the Orb.
     0 | D:1      | Reached XP level 1. HP: 14/14 MP: 1/1
    74 | D:1      | Reached XP level 2. HP: 19/19 MP: 2/2
   128 | D:1      | Reached skill level 2 in Axes
   419 | D:1      | Reached XP level 3. HP: 11/23 MP: 3/3
   916 | D:1      | Found a faded altar of an unknown god.
  1201 | D:2      | Noticed Natasha
  1205 | D:2      | Reached XP level 4. HP: 28/28 MP: 4/4
  1210 | D:2      | Killed Natasha
  1211 | D:2      | Reached skill level 3 in Axes
  1300 | D:2      | Noticed Jessica
  1309 | D:2      | Killed Jessica
  1310 | D:2      | Reached XP level 5. HP: 27/33 MP: 5/5
  1529 | D:2      | Noticed Natasha
  1535 | D:2      | Killed Natasha
  1925 | D:2      | Noticed Natasha
  1930 | D:2      | Killed Natasha
  1931 | D:2      | Reached skill level 4 in Axes
  2088 | D:3      | Reached XP level 6. HP: 38/38 MP: 6/6
  2579 | D:3      | Found a runed translucent gate.
  2579 | D:3      | Found a runed translucent gate.
  2579 | D:3      | Found a runed translucent gate.
  2695 | D:3      | Learned a level 1 spell: Apportation
  3027 | D:3      | Found an ancient bone altar of Kikubaaqudgha.
  3186 | D:3      | You fall into a shaft and drop 1 floor!
  3186 | D:4      | Found a glowing silver altar of Zin.
  3226 | D:4      | Reached skill level 1 in Evocations
  3226 | D:4      | Reached XP level 7. HP: 35/44 MP: 7/7
  3369 | D:3      | Noticed audacious124's ghost (amateur HuCj)
  3369 | D:3      | Noticed lesbiats's ghost (amateur GnWr)
  3696 | D:2      | Killed lesbiats's ghost
  3697 | D:2      | Reached skill level 5 in Axes
  3697 | D:2      | Reached skill level 1 in Translocations
  4061 | D:3      | Killed audacious124's ghost
  4957 | D:5      | Entered Level 5 of the Dungeon
  4981 | D:5      | Reached skill level 5 in Armour
  5364 | D:5      | Reached XP level 8. HP: 48/48 MP: 8/8
  5767 | D:5      | Identified the +7 mace of Cuceat {elec, Drain rN++ Will-
                  | SInv}
  6533 | D:5      | Reached skill level 5 in Fighting
  6673 | D:6      | Reached skill level 6 in Axes
  6887 | D:6      | Noticed Blork the orc
  6893 | D:6      | Killed Blork the orc
  7133 | D:7      | Reached XP level 9. HP: 52/54 MP: 9/9
  7660 | D:7      | Found a staircase to the Ecumenical Temple.
  7677 | Temple   | Entered the Ecumenical Temple
  7701 | Temple   | Became a worshipper of Warmaster Okawaru
  7760 | D:7      | Reached skill level 7 in Axes
  7962 | D:8      | Reached skill level 5 in Shields
  7969 | D:8      | Reached skill level 1 in Invocations
  8259 | D:8      | Slain by a gnoll sergeant

Illustrated notes

Levels and vault maps discovered:
D:1:      lightli_arrival_lavapool, layout_basic,
          hellmonk_ecumenical_altar_leap_of_faith
D:2:      minmay_razor_zed, layout_rooms, hangedman_abyss_or_decor_lesser_grid,
          kennysheep_pointless_box, grunt_ministairs_11, uniq_jessica,
          uniq_natasha
D:3:      layout_basic, kiku_gazebo_pond_becter, gammafunk_ghost_cemetery,
          grunt_decor_resistance
D:4:      layout_rooms, zin_academy
D:5:      layout_basic, hellmonk_bongcloud_opening, nicolae_figureground_sparkle
D:6:      layout_basic, st_stairs_12, uniq_blork_the_orc
D:7:      layout_loops_ring, minmay_temple_entry_proselytizer
D:8:      layout_cave_pods, enter_ossuary_4
Temple:   nicolae_temple_slightly_damp_pantheon

Skill      XL: |  1  2  3  4  5  6  7  8  9 |
---------------+----------------------------+-----
Axes           | 2 3 4 5 6 7 |  7.2
Armour         | 4 5 6 |  6.4
Fighting       | 4 5 |  5.7
Evocations     | 1 2 3 |  3.9
Shields        | 4 5 |  5.0
Translocations | 1 3 |  3.6
Invocations    | 1 |  1.3
Stealth        | |  0.3

Action                   |  1- 3 |  4- 6 |  7- 9 || total
-------------------------+-------+-------+-------++-------
Melee: War axe           |    79 |   176 |   296 ||   551
  Use: Scroll            |     3 |    10 |     7 ||    20
       Potion            |       |     1 |     2 ||     3
Armor: Scale mail        |    11 |       |       ||    11
       Chain mail        |    48 |   137 |   187 ||   372
Dodge: Dodged            |    44 |    65 |    90 ||   199
Block: Buckler           |    22 |    56 |    81 ||   159

Table legend: (Time is in decaauts)
 A = Elapsed time spent in this place.
 B = Non-inter-level travel time spent in this place.
 C = Inter-level travel time spent in this place.
 D = Time resting spent in this place.
 E = Time spent auto-exploring this place.
 F = Levels seen in this place.
 G = Mean time per level.
                   A        B        C        D        E       F      G
               +--------+--------+--------+--------+--------+-----+--------+
         Total |   8441 |   8270 |    171 |   1831 |   4745 |   9 |  937.9 |
       Dungeon |   8390 |   8219 |    171 |   1831 |   4729 |   8 | 1048.8 |
        Temple |     50 |     50 |      0 |      0 |     16 |   1 |   50.0 |
               +--------+--------+--------+--------+--------+-----+--------+

Top non-repeatable levels by time:
     D:2: 1770 daAuts
     D:3: 1708 daAuts
     D:5: 1586 daAuts
     D:1: 1032 daAuts
     D:7: 814 daAuts
     D:4: 573 daAuts
     D:6: 497 daAuts
     D:8: 407 daAuts
  Temple: 50 daAuts
